 Dungeon Crawl Stone Soup version 0.25-a0-857-g60a0bcd8b5 (webtiles) character file.

Game seed: 8042818862560967542, levelgen mode: classic

33 Amnesiac the Gusty (level 3, 0/17 HPs)
             Began as a Vine Stalker Air Elementalist on Apr 26, 2020.
             Slain by a jackal (1 damage)
             ... on level 2 of the Dungeon.
             The game lasted 00:01:26 (504 turns).

Amnesiac the Gusty (Vine Stalker Air Elementalist)   Turns: 504, Time: 00:01:27

Health: 0/17       AC:  2    Str: 10    XL:     3   Next: 29%
Magic:  0/8        EV: 12    Int: 16    God:
Gold:   21         SH:  0    Dex: 14    Spells: 4/7 levels left

rFire    . . .     SeeInvis .   f - +0 dagger
rCold    . . .     Gourm    .   (no shield)
rNeg     . . .     Faith    .   a - +0 robe
rPois    .         Spirit   +   (no helmet)
rElec    .         Reflect  .   (no cloak)
rCorr    .         Harm     .   (no gloves)
MR       .....                  (no boots)
Stlth    ++........             (no amulet)
HPRegen  0.05/turn              (no ring)
MPRegen  0.11/turn              (no ring)

@: lethally poisoned (0 -> -4)
A: fangs 2, magic shield, antimagic bite, no potion heal 3, rot immunity
a: no special abilities


You were on level 2 of the Dungeon.
You were not hungry.

You visited 1 branch of the dungeon, and saw 2 of its levels.

You collected 21 gold pieces.

Inventory:

Hand Weapons
 f - a +0 dagger (weapon)
Armour
 a - a +0 robe (worn)
 h - a +1 pair of gloves
Scrolls
 b - 2 scrolls of teleportation {!r, unknown}
 e - a scroll of remove curse {!r, unknown}
 i - 2 scrolls of immolation {!r, unknown}
Potions
 g - a potion of cancellation {!q, unknown}
Comestibles
 c - a ration
 d - 6 chunks of flesh


   Skills:
 + Level 0.8 Fighting
 - Level 1.5 Dodging
 - Level 2.4 Stealth
 - Level 2.6 Spellcasting
 - Level 1.0 Conjurations
 - Level 3.7 Air Magic


You had 4 spell levels left.
You knew the following spells:

 Your Spells              Type           Power        Failure   Level  Hunger
a - Shock                 Conj/Air       #...         8%          1    #......
z - Swiftness             Chrm/Air       #.......     14%         2    ##.....

Your spell library contained the following spells:

 Spells                   Type           Power        Failure   Level  Hunger
 Static Discharge         Conj/Air       #.......     22%         3    ###....
 Airstrike                Air            ##........   38%         4    #####..
 Lightning Bolt           Conj/Air       #.........   90%         5    ######.


Dungeon Overview and Level Annotations

Branches:
Dungeon (2/15)

Altars:
Kikubaaqudgha


Innate Abilities, Weirdness & Mutations

You have extremely sharp teeth.
When hurt, damage is shared between your health and your magic reserves.
Your bite disrupts and absorbs the magic of your enemies.
Potions cannot restore your health.
You are immune to rotting.


Message History

Press: ? - help, Shift-Dir - straight line The zap hits the adder.
The adder is heavily wounded.
The zap misses the adder.
You feel sick. The adder bites you. x2
You are lethally poisoned!
The adder poisons you!
Some of the chunks of flesh in your inventory have rotted away.
Casting: Shock (safe; 9% risk of failure)
Confirm with . or Enter, or press ? or * to list all spells.
Aiming: Shock (safe; 9% risk of failure)
Press: ? - help, Shift-Dir - straight line The zap hits the adder.
The adder is almost dead.
The zap hits the adder.
You kill the adder!
You have reached level 3!
Your experience leads to an increase in your attributes!
Increase (S)trength, (I)ntelligence, or (D)exterity?
You feel clever.
You feel sick.
You feel sick.
You see here a scroll labeled PUGEIM EKHOCAR {!r}.
i - 2 scrolls labeled PUGEIM EKHOCAR {!r} (gained 1)
* * * LOW HITPOINT WARNING * * *
You feel sick.
* * * LOW HITPOINT WARNING * * *
You feel sick.
* * * LOW HITPOINT WARNING * * *
You feel sick.
There is an ancient bone altar of Kikubaaqudgha here.
* * * LOW HITPOINT WARNING * * *
You feel sick.
* * * LOW HITPOINT WARNING * * *
You feel sick.
You see here 13 gold pieces.
A jackal comes into view.
* * * LOW HITPOINT WARNING * * *
You feel sick.
You see here 13 gold pieces.
An adder comes into view.
* * * LOW HITPOINT WARNING * * *
You feel sick.
The adder hisses angrily.
Casting: Shock (safe; 8% risk of failure)
Confirm with . or Enter, or press ? or * to list all spells.
Aiming: Shock (safe; 8% risk of failure)
Press: ? - help, Shift-Dir - straight line The zap hits the adder.
The adder is heavily wounded.
The zap hits the adder.
The adder is severely wounded.
A jackal comes into view.
You closely miss the adder.
The adder is severely wounded.
* * * LOW HITPOINT WARNING * * *
You feel sick. The adder barely misses you.
You barely miss the adder.
The adder is severely wounded.
The adder completely misses you.
The jackal barks!
You hit the adder.
You kill the adder!
The jackal bites you.
You die...

#..##.....## .
#..#.......#.#
#.h#..)....#.#
#......_.....#
#..#.......#.#
#..#.......# #
#..##...$.##
#..####h####.#
#.......@†...#
#............#
##############


You could see 2 jackals.

Vanquished Creatures
  2 adders (D:2)
  A leopard gecko (D:1)
  2 giant cockroaches (D:1)
  3 goblins
  A hobgoblin (D:1)
  A ball python (D:1)
  3 bats (D:1)
  A frilled lizard (D:2)
  A kobold (D:1)
  A rat (D:1)
16 creatures vanquished.

Notes
Turn   | Place    | Note
-------+----------+-------------------------------------------
     0 | D:1      | Amnesiac the Vine Stalker Air Elementalist began the quest
                  | for the Orb.
     0 | D:1      | Reached XP level 1. HP: 9/9 MP: 4/4
   273 | D:1      | Reached XP level 2. HP: 13/13 MP: 4/6
   277 | D:1      | Learned a level 2 spell: Swiftness
   478 | D:2      | Found an ancient bone altar of Kikubaaqudgha.
   489 | D:2      | Reached XP level 3. HP: 11/16 MP: 0/8
   504 | D:2      | Slain by a jackal

Levels and vault maps discovered:
D:1:      onia_arrival_mini_maze, layout_basic
D:2:      layout_rooms, old_standard_altar, kennysheep_slug_shrine,
          uniq_jessica, uniq_robin

Action                   || total
-------------------------++-------
Melee: Unarmed           ||     9
       Bite              ||     8
       Dagger            ||    24
 Cast: Shock             ||    17
 Stab: Sleeping          ||     5
Armor: Robe              ||     9
Dodge: Dodged            ||    27

Table legend:
 A = Non-vault XP
 B = Vault XP
 C = Vault XP percentage of total XP
 D = Non-vault monster count
 E = Vault monster count
 F = Vault count percentage of total count
                 A         B        C        D         E       F
            +---------+---------+-------+---------+---------+-------
      Total |      48 |       0 |   0.0 |      16 |       0 |   0.0
            +---------+---------+-------+---------+---------+-------
        D:1 |      19 |       0 |   0.0 |      12 |       0 |   0.0
        D:2 |      29 |       0 |   0.0 |       4 |       0 |   0.0
            +---------+---------+-------+---------+---------+-------
